 Dungeon Crawl Stone Soup version 0.27-a0-1277-g3808f8b1c9 (webtiles) character file.

Game seed: 6733012243995689681

302 Glokmah the Skirmisher (level 6, -1/39 HPs)
             Began as a Gargoyle Monk on June 12, 2021.
             Was a Priest of Sif Muna.
             Slain by a wyvern zombie (5 damage)
             ... on level 4 of the Dungeon.
             The game lasted 00:07:36 (4146 turns).

Glokmah the Skirmisher (Gargoyle Monk)              Turns: 4146, Time: 00:07:37

Health: -1/39      AC: 10    Str: 15    XL:     6   Next: 37%
Magic:  2/9        EV: 12    Int: 12    God:    Sif Muna [***...]
Gold:   125        SH:  0    Dex: 12    Spells: 9/10 levels left

rFire    . . .     SeeInvis .   b - +3 dagger (venom)
rCold    . . .     Faith    .   (no shield)
rNeg     + + .     Spirit   .   q - +0 leather armour
rPois    ∞         Reflect  .   (no helmet)
rElec    +         Harm     .   (no cloak)
rCorr    .         Rampage  .   e - +1 pair of gloves
Will     .....                  t - +0 pair of boots
Stlth    ++........             (no amulet)
HPRegen  0.13/turn              l - ring of positive energy
MPRegen  0.11/turn              (no ring)

@: about to teleport, very slightly contaminated
A: sickness immunity, AC +4, negative energy resistance 1, electricity
resistance, torment resistance 1, petrification resistance
a: Renounce Religion, Channel Magic, Forget Spell


You were on level 4 of the Dungeon.
You worshipped Sif Muna.
Sif Muna was most pleased with you.
You visited 1 branch of the dungeon, and saw 4 of its levels.

You collected 125 gold pieces.

Inventory:

Hand Weapons
 a - a +0 vorpal mace
 b - a +3 dagger of venom (weapon)
Missiles
 d - 104 stones
 h - a throwing net
 k - 3 boomerangs (quivered)
Armour
 e - a +1 pair of gloves (worn)
 g - a +0 robe
 m - a +0 kite shield
 q - a +0 leather armour (worn)
 t - a +0 pair of boots (worn)
Jewellery
 l - a ring of positive energy (left hand)
Wands
 p - a wand of flame (17)
Scrolls
 c - a scroll of enchant armour
 j - a scroll of fear {unknown}
 o - a scroll of brand weapon
 v - a scroll of identify
Potions
 i - 2 potions of flight
 n - a potion of degeneration
 r - a potion of mutation
 s - a potion of brilliance
 u - a potion of heal wounds {unknown}


   Skills:
 + Level 4.4 Fighting
 - Level 3.6 Maces & Flails
 - Level 1.5 Armour
 + Level 2.7 Dodging
 - Level 2.1 Stealth
 - Level 1.7 Shields
 * Level 2.6 Spellcasting
 * Level 0.0 Conjurations
 * Level 0.0 Fire Magic
 - Level 1.3 Earth Magic
 - Level 2.0 Invocations


You had 9 spell levels left.
You knew the following spells:

 Your Spells              Type           Power      Damage    Failure   Level
a - Foxfire               Conj/Fire      4%         2x1d4     30%         1

Your spell library contained the following spells:

 Spells                   Type           Power      Damage    Failure   Level
 Summon Small Mammal      Summ           4%         N/A       32%         1
 Call Imp                 Summ           1%         N/A       43%         2
 Call Canine Familiar     Summ           1%         N/A       67%         3
 Conjure Flame            Conj/Fire      1%         6-21      67%         3
 Inner Flame              Hex/Fire       1%         N/A       67%         3
 Summon Guardian Golem    Hex/Summ       1%         N/A       67%         3
 Sticky Flame             Conj/Fire      1%         2d3       97%         4
 Summon Ice Beast         Ice/Summ       1%         N/A       97%         4
 Summon Lightning Spire   Summ/Air       1%         N/A       97%         4
 Fireball                 Conj/Fire      0%         3d3       100%        5


Dungeon Overview and Level Annotations

Branches:
Dungeon (4/15)
 Temple: D:4-7

Altars:
Sif Muna
Wu Jian
Yredelemnul


Innate Abilities, Weirdness & Mutations

You are immune to sickness and miasma.
Your stone body is resilient. (AC +4)
You are immune to poison.
You resist negative energy. (rN+)
You are resistant to electric shocks. (rElec)
You are resistant to unholy torment.
You are immune to petrification.


Message History

Confirm with . or Enter, or press ? or * to list all spells.
You conjure some foxfire!
The wyvern zombie barely misses you.
The foxfire hits the wyvern zombie.
The wyvern zombie is moderately damaged.
The foxfire hits the wyvern zombie but does no damage.
The wyvern zombie is moderately damaged.
Found a dagger and 10 gold pieces.
Casting: Foxfire (safe; 30% risk of failure)
Confirm with . or Enter, or press ? or * to list all spells.
You conjure some foxfire!
The wyvern zombie bites you but does no damage.
The foxfire hits the wyvern zombie but does no damage.
The wyvern zombie is moderately damaged.
The foxfire hits the wyvern zombie.
The wyvern zombie is moderately damaged.
The wyvern zombie misses you. The wyvern zombie bites you.
The wyvern zombie bites you!
Casting: Foxfire (safe; 30% risk of failure)
Confirm with . or Enter, or press ? or * to list all spells.
You conjure some foxfire!
The wyvern zombie misses you.
Casting: Foxfire (safe; 30% risk of failure)
Confirm with . or Enter, or press ? or * to list all spells.
You miscast Foxfire.
You are very lightly contaminated with residual magic.
Nothing appears to happen.
The foxfire hits the wyvern zombie.
The wyvern zombie is moderately damaged.
The foxfire hits the wyvern zombie but does no damage.
The wyvern zombie is moderately damaged.
The wyvern zombie bites you.
Casting: Foxfire (safe; 30% risk of failure)
Confirm with . or Enter, or press ? or * to list all spells.
You miscast Foxfire.
Nothing appears to happen.
The wyvern zombie bites you!
* * * LOW HITPOINT WARNING * * *
The wyvern zombie closely misses you.
Unknown command.
As you read the scroll of teleportation, it crumbles to dust.
You feel strangely unstable. The wyvern zombie bites you.
* * * LOW HITPOINT WARNING * * *
The wyvern zombie bites you.
You die...

######..# ###.....##
#..# ###....#########
##..# ##............
#..###### ##.........#.
#..#....# #...#######..
#######..#....###...##
##...
####.............#....##
#....
......)..###........##
##... .....>...#
#...Z@..## ##..
........###.....#..# #..
........# #.....##..#
##. ........# #.....#
#.# ## ...(...###..)..##
..# # .......# #..$..#
.# ......## #....## .
......# #...# .. .?....#


You could see a wyvern zombie.

Vanquished Creatures
  Jessica (D:3)
  Natasha (thrice) (D:2)
  4 gnolls
  7 adders
  An adder skeleton (D:4)
  3 worms
  2 dart slugs
  4 orcs
  8 endoplasms
  3 giant cockroaches
  6 goblins
  8 hobgoblins
  7 jackals
  4 quokkas
  4 ball pythons
  3 bats (D:1)
  3 frilled lizards
  5 kobolds
  4 rats
80 creatures vanquished.

Vanquished Creatures (others)
  14 foxfires (D:4)
14 creatures vanquished.

Grand Total: 94 creatures vanquished

Notes
Turn   | Place    | Note
-------+----------+-------------------------------------------
     0 | D:1      | Glokmah the Gargoyle Monk began the quest for the Orb.
     0 | D:1      | Reached XP level 1. HP: 14/14 MP: 1/1
   142 | D:1      | Reached XP level 2. HP: 5/19 MP: 2/2
   505 | D:1      | Reached skill level 1 in Armour
   644 | D:1      | Reached XP level 3. HP: 19/23 MP: 3/3
   757 | D:1      | Found a faded altar of an unknown god.
   765 | D:1      | Became a worshipper of Sif Muna the Loreminder
   765 | D:1      | Reached * piety under Sif Muna
   765 | D:1      | Reached ** piety under Sif Muna
  1783 | D:2      | Noticed Natasha
  1784 | D:2      | Reached skill level 1 in Spellcasting
  1784 | D:2      | Reached XP level 4. HP: 27/29 MP: 5/5
  1787 | D:2      | Reached *** piety under Sif Muna
  1791 | D:2      | Killed Natasha
  1997 | D:2      | Noticed Natasha
  2185 | D:2      | Killed Natasha
  2186 | D:2      | Reached skill level 4 in Fighting
  2186 | D:2      | Reached skill level 1 in Invocations
  2186 | D:2      | Reached XP level 5. HP: 28/33 MP: 5/7
  2237 | D:2      | Reached skill level 1 in Shields
  2542 | D:2      | Noticed Natasha
  2555 | D:2      | Killed Natasha
  2902 | D:3      | Found a basalt altar of Yredelemnul.
  2977 | D:3      | Noticed Jessica
  2994 | D:3      | Killed Jessica
  3095 | D:3      | Reached skill level 1 in Earth Magic
  3095 | D:3      | Reached XP level 6. HP: 24/38 MP: 9/9
  3588 | D:3      | Found an ornate altar of the Wu Jian Council.
  3590 | D:3      | Found a shimmering blue altar of Sif Muna.
  3879 | D:4      | Learned a level 1 spell: Foxfire
  4146 | D:4      | Slain by a wyvern zombie

Illustrated notes

Levels and vault maps discovered:
D:1:      wheals_arrival_shading, layout_basic,
          hellmonk_ecumenical_altar_zigzags, minmay_ruptured
D:2:      minmay_alternating_diamond, layout_rooms, minmay_tromino_v7,
          uniq_natasha
D:3:      layout_basic, yredelemnul_altar_generic,
          nicolae_overflow_hidden_temple, minmay_misc_feat_tiny, uniq_jessica
D:4:      layout_cave_pods, lemuel_round_altar, kennysheep_mini_moat

Skill      XL: |  1  2  3  4  5  6 |
---------------+-------------------+-----
Armour         | 1 |  1.5
Spellcasting   | 1 2 |  2.6
Fighting       | 4 |  4.4
Invocations    | 1 2 |  2.0
Shields        | 1 |  1.7
Earth Magic    | 1 |  1.3
Maces & Flails | |  3.6
Dodging        | |  2.7
Stealth        | |  2.1

Action                   |  1- 3 |  4- 6 || total
-------------------------+-------+-------++-------
Melee: Mace              |    76 |       ||    76
       Dagger            |    16 |   152 ||   168
Throw: Stone             |    16 |       ||    16
       Boomerang         |       |     4 ||     4
 Cast: Foxfire           |       |     7 ||     7
  Use: Potion            |     1 |       ||     1
       Scroll            |       |     9 ||     9
 Stab: Sleeping          |     1 |     1 ||     2
       Distracted        |       |     1 ||     1
Armor: Robe              |    48 |    24 ||    72
       Leather armour    |       |    39 ||    39
Dodge: Dodged            |    68 |   102 ||   170

Table legend: (Time is in decaauts)
 A = Elapsed time spent in this place.
 B = Non-inter-level travel time spent in this place.
 C = Inter-level travel time spent in this place.
 D = Time resting spent in this place.
 E = Time spent auto-exploring this place.
 F = Levels seen in this place.
 G = Mean time per level.
                   A        B        C        D        E       F      G
               +--------+--------+--------+--------+--------+-----+--------+
         Total |   4191 |   3763 |    428 |    739 |   2089 |   4 | 1047.8 |
       Dungeon |   4191 |   3763 |    428 |    739 |   2089 |   4 | 1047.8 |
               +--------+--------+--------+--------+--------+-----+--------+

Top non-repeatable levels by time:
     D:1: 1699 daAuts
     D:2: 1446 daAuts
     D:3: 749 daAuts
     D:4: 295 daAuts
